 Dungeon Crawl Stone Soup version 0.21-a0-529-g8c7b3f5 (webtiles) character file.

273 DemonicMitch the Charlatan (level 6, -1/43 HPs)
             Began as a Demonspawn Artificer on Dec 11, 2017.
             Was an Initiate of Wu Jian.
             Hit by a tomahawk of dispersal thrown by an orc (2 damage)
             ... on level 3 of the Dungeon.
             The game lasted 00:03:48 (2768 turns).

DemonicMitch the Charlatan (Demonspawn Artificer)   Turns: 2768, Time: 00:03:49

Health: -1/43      AC:  7    Str: 13    XL:     6   Next: 2%
Magic:  0/10       EV:  9    Int: 16    God:    Wu Jian [......]
Gold:   146        SH:  0    Dex: 14    Spells: 5/5 levels left

rFire    . . .     SeeInvis .   a - +0 short sword
rCold    . . .     Gourm    .   (no shield)
rNeg     . . .     Faith    .   h - +0 scale mail
rPois    .         Spirit   +   o - +1 hat {Int+3}
rElec    .         Reflect  .   (no cloak)
rCorr    .         Harm     .   (no gloves)
MR       .....                  (no boots)
Stlth    ..........             n - amulet of guardian spirit
HPRegen  0.14/turn              (no ring)
MPRegen  0.12/turn              (no ring)

@: no status effects
A: horns 2, powered by pain 1
a: Renounce Religion


You were on level 3 of the Dungeon.
You worshipped Wu Jian.
Wu Jian was noncommittal.
You were not hungry.

You visited 1 branch of the dungeon, and saw 3 of its levels.

You collected 146 gold pieces.

Inventory:

Hand Weapons
 a - a +0 short sword (weapon)
Armour
 h - a +0 scale mail (worn)
 o - a +1 hat of intelligence (worn)
Jewellery
 n - an amulet of guardian spirit (around neck)
Wands
 c - a wand of flame (9)
 d - a wand of enslavement (15)
 e - a wand of random effects (11)
Scrolls
 g - 2 scrolls of identify {unknown}
 l - 3 scrolls of remove curse {unknown}
 p - 3 scrolls of teleportation {unknown}
Potions
 i - 2 potions of brilliance {unknown}
 j - a potion of curing {unknown}
 q - 2 potions of might {unknown}
Comestibles
 f - 4 bread rations
 k - 3 meat rations


   Skills:
 - Level 1.6 Fighting
 - Level 1.5 Short Blades
 - Level 2.2 Dodging
 - Level 1.6 Stealth
 + Level 6.0 Evocations


You had 5 spell levels left.
You didn't know any spells.

Dungeon Overview and Level Annotations

Branches:
Dungeon (3/15)

Altars:
Wu Jian


Innate Abilities, Weirdness & Mutations

You have a pair of horns on your head.
You sometimes gain a little power by taking damage.


Message History

Aiming: Throw Flame
Press: ? - help, Shift-Dir - straight line, f/p - orc
Aim: an orc, wearing a leather armour (heavily wounded)
The puff of flame misses the orc.
An orc comes into view.
Evoke which item? (* to show all) (? for menu, Esc to quit)
Aiming: Throw Flame
Press: ? - help, Shift-Dir - straight line, f/p - orc
Aim: an orc, wearing a leather armour (heavily wounded)
The puff of flame hits the orc.
You kill the orc!
The Council accepts your kill. 2 orc wizards come into view.
Found a blackened pearl ring.
The orc throws a tomahawk of dispersal.
The tomahawk of dispersal hits you.
* * * LOW HITPOINT WARNING * * *
You blink.
Found a scroll labeled VYHO EKOOTIRUKH.
Found an escape hatch in the floor.
The orc throws a tomahawk of dispersal.
The tomahawk of dispersal hits you.
You die...

... ...> .#.#.. .... ...#
..?..# ....###
#..###...#.####.###
.......###...................
#............................
....###..#.................
##........................
#...<....@.......#........
#........#................
#............o.o)#........
#.........................
#...............##........
#........#.....###o.......
#.............ยง....![.####
#####.##.#.##.###......#
#.##...#..# #.........


You could see 2 orcs.

Vanquished Creatures
  Grinder (D:3)
  A bullfrog skeleton (D:3)
  2 adders (D:2)
  An ooze (D:2)
  A dart slug (D:1)
  2 orcs (D:3)
  2 ball pythons
  2 bats
  2 giant cockroaches
  2 hobgoblins
  3 frilled lizards
  4 goblins (D:2)
  2 kobolds
  7 rats
32 creatures vanquished.

Notes
Turn   | Place    | Note
-------+----------+-------------------------------------------
     0 | D:1      | DemonicMitch the Demonspawn Artificer began the quest for the Orb.
     0 | D:1      | Reached XP level 1. HP: 15/15 MP: 3/3
   239 | D:1      | Reached skill level 1 in Short Blades
   239 | D:1      | Reached skill level 1 in Stealth
  1032 | D:2      | Gained mutation: You have a pair of small horns on your head. [demonic ancestry]
  1032 | D:2      | Reached XP level 2. HP: 21/21 MP: 4/4
  1853 | D:2      | Reached XP level 3. HP: 21/26 MP: 3/5
  2404 | D:2      | Found an ornate altar of the Wu Jian Council.
  2408 | D:2      | Became a worshipper of the Wu Jian Council
  2578 | D:3      | Reached XP level 4. HP: 23/32 MP: 6/6
  2735 | D:3      | Reached skill level 4 in Evocations
  2740 | D:3      | Noticed Grinder
  2747 | D:3      | Paralysed by Grinder for 5 turns
  2757 | D:3      | Killed Grinder
  2757 | D:3      | Reached skill level 6 in Evocations
  2757 | D:3      | Gained mutation: You have a pair of horns on your head. [demonic ancestry]
  2757 | D:3      | Reached XP level 5. HP: 3/37 MP: 1/9
  2757 | D:3      | Gained mutation: You sometimes gain a little power by taking damage. [demonic ancestry]
  2757 | D:3      | Reached XP level 6. HP: 3/43 MP: 1/10
  2757 | D:3      | HP: 1/43 [orc/tomahawk (3)]
  2767 | D:3      | HP: 1/43 [orc/tomahawk of dispersal (1)]
  2768 | D:3      | Hit by a tomahawk of dispersal thrown by an orc

Vault maps used:
D:1:      ncdulo_lavacross, minmay_misc_feat_chi, due_unseen_surprise
D:2:      marbit_many_paths, first_bread
D:3:      uniq_grinder

Skill      XL: |  1  2  3  4 |
---------------+-------------+-----
Short Blades   | 1 |  1.5
Stealth        | 1 |  1.6
Dodging        | 2 |  2.2
Evocations     | 6 |  6.0
Fighting       | |  1.6

Action                   |  1- 3 |  4- 6 || total
-------------------------+-------+-------++-------
Melee: Short sword       |   108 |    13 ||   121
       Headbutt          |    10 |     1 ||    11
Evoke: Wand              |       |    10 ||    10
 Stab: Paralysed         |       |     4 ||     4
  Eat: Chunk             |     4 |     2 ||     6
Armor: Scale mail        |    76 |     4 ||    80
       Leather armour    |     1 |       ||     1
Dodge: Dodged            |    64 |     3 ||    67

Table legend:
 A = Spawn XP
 B = Non-spawn XP
 C = Spawn XP percentage of total XP
 D = Spawn monster count
 E = Non-spawn monster count
 F = Spawn count percentage of total count
 G = Total turns spent on level
                    A         B        C        D         E        F      G
               +---------+---------+-------+---------+---------+-------+---------
         Total |       0 |     390 |   0.0 |       0 |      32 |   0.0 |  2768
               +---------+---------+-------+---------+---------+-------+---------
           D:1 |       0 |      11 |   0.0 |       0 |       6 |   0.0 |  1368
           D:2 |       0 |      56 |   0.0 |       0 |      19 |   0.0 |  1200
           D:3 |       0 |     323 |   0.0 |       0 |       7 |   0.0 |   200
               +---------+---------+-------+---------+---------+-------+---------
